 Dungeon Crawl Stone Soup version 0.17-a0-2014-g32cd421 (webtiles) character file.

21368 Ghalim the Fighter (level 13, -6/109 HPs)
             Began as a Human Fighter on Oct 8, 2015.
             Killed from afar by Nergalle (35 damage)
             ... with a bolt of negative energy
             ... on level 3 of the Lair of Beasts on Oct 9, 2015.
             The game lasted 00:58:58 (19980 turns).

Ghalim the Fighter (Human Fighter)                 Turns: 19980, Time: 00:58:58

Health: -6/109     AC: 23    Str: 21    XL:     13   Next: 19%
Magic:  22/22      EV:  3    Int:  8    God:
Gold:   447        SH: 19    Dex: 14    Spells: 0 memorised, 12 levels left

rFire  + . .     SeeInvis .     v - +4 flail (protect)
rCold  . . .     Clarity  .     o - +0 plate armour
rNeg   . . .     SustAt   .     x - +3 large shield
rPois  .         Gourm    .     G - +1 hat
rElec  .         Spirit   .     r - +0 cloak
rCorr  .         Warding  .     w - +2 pair of gloves
rMut   .         Stasis   .     (no boots)
MR     .....                    (no amulet)
Stlth  ..........               a - ring of magical power
                                K - ring of protection from fire

@: heavily drained, not resistant to hostile enchantments, extremely unstealthy
A: no striking features
a: no special abilities


You were on level 3 of the Lair of Beasts.
You were very hungry.

You visited 2 branches of the dungeon, and saw 14 of its levels.

You collected 447 gold pieces.

Inventory:

Hand Weapons
 v - a +4 flail of protection (weapon)
Armour
 o - a +0 plate armour (worn)
 r - a +0 cloak (worn)
 w - a +2 pair of gloves (worn)
 x - a +3 large shield (worn)
 G - a +1 hat (worn)
Jewellery
 a - a ring of magical power (right hand)
 d - an uncursed ring of stealth
 F - an uncursed ring of flight
 K - a ring of protection from fire (left hand)
Wands
 p - a wand of lightning (8)
 s - a wand of digging (11)
 L - a wand of flame (33)
Scrolls
 b - a scroll of enchant weapon
 g - 4 scrolls of remove curse
 i - 6 scrolls of amnesia
 j - a scroll of fog
 m - a scroll of brand weapon {unknown}
 t - a scroll of recharging
 y - 2 scrolls of enchant armour
 M - 2 scrolls of teleportation
Potions
 c - 2 potions of resistance
 f - 4 potions of cure mutation
 h - a potion of flight
 k - a potion of curing
 n - 2 potions of heal wounds {unknown}
 z - a potion of magic {unknown}
 D - a potion of berserk rage {unknown}
 E - a potion of beneficial mutation {unknown}
 H - 2 potions of cancellation
 N - a potion of haste
Books
 I - a Fen Folio

   Spells                             Type                      Level
   a - Corpse Rot                     Necromancy                   2
   b - Stone Arrow                    Conjuration/Earth            3
   c - Leda's Liquefaction            Hexes/Earth                  4
   d - Summon Forest                  Summoning/Translocation      5
   e - Hydra Form                     Transmutation                6
   f - Summon Hydra                   Summoning                    7
Comestibles
 e - 19 bread rations
 l - 2 beef jerkies
 q - 3 royal jellies
 B - 6 meat rations


   Skills:
 + Level 12.4(10.0) Fighting
 + Level 12.4(10.1) Maces & Flails
 - Level 9.1(6.9) Armour
 - Level 9.1(6.9) Shields


You had 12 spell levels left.
You didn't know any spells.

Dungeon Overview and Level Annotations

Branches:
Dungeon (10/15)              Lair (4/8) D:9             Orc (0/4) D:9
 Temple: D:4-7        Swamp: Lair:3-6    Shoals: Lair:3-6     Snake: Lair:3-6
 Spider: Lair:3-6

Altars:
Cheibriados
Nemelex Xobeh
Ru
Sif Muna
The Shining One

Shops:
D:9 *

Annotations:
D:3 Kramin's ghost, amateur DrTm
D:8 Maurice
Lair:3 Nergalle
Lair:4 Sonja


Message History

You block the spectral orc warlord's attack.
The spectral orc warrior completely misses you.
You block the spectral orc knight's attack.
Nergalle hits you but does no damage.
Your shield and plate armour prevent you from hitting Nergalle.
Nergalle is almost dead.
The spectral orc warrior hits you but does no damage.
You block the spectral orc knight's attack.
You block the spectral orc's attack.
Unknown command.
You closely miss Nergalle.
Nergalle is almost dead.
The spectral orc hits you but does no damage.
The spectral orc warlord hits you but does no damage.
You are electrocuted!
* * * LOW HITPOINT WARNING * * *
You block the spectral orc knight's attack.
Nergalle points at you and mumbles some strange words.
The bolt of negative energy hits you!
You feel drained.
You die...

##.....#.....P.......##
##............#.....##
#P........PP####.....#
##.......#### ##..###
##+#.#### ##..# #..t#.##
#...### ####....#.#
####Z...# #.##.#..####
#PZZ....# ...........#
#o@ZZ...# ...........#
###ZZ....##
...........###.#..Z....#
..<........#......?...##
......................##
...........#####.......#
.............# ##.######
#####...###### ##...##
#...## #.....##


You could see Nergalle, 2 spectral orcs, 3 spectral orc warriors, 2 spectral orc
knights and a spectral orc warlord.

Vanquished Creatures
  Erolcha (D:9)
  2 griffons
  4 black mambas
  Joseph (D:9)
  8 spiny frogs
  Psyche (D:8)
  A gargoyle (D:10)
  5 komodo dragons
  2 trolls
  A polar bear (Lair:3)
  13 blink frogs
  4 yaks (Lair:1)
  2 wyverns
  A hungry ghost (D:8)
  A spriggan (D:7)
  Grum (D:9)
  A basilisk (Lair:4)
  3 hippogriffs
  4 wargs (D:10)
  19 wolves
  10 water moccasins
  5 orc warriors
  A black bear (D:6)
  A wasp (D:9)
  3 porcupines
  2 ogres (D:5)
  An ice beast (D:10)
  2 big kobolds
  6 centaurs
  7 crocodiles
  8 giant frogs
  6 scorpions
  5 wights
  5 electric eels
  A giant frog zombie (D:10)
  4 orc priests
  3 crimson imps
  A jelly (D:10)
  A giant frog skeleton (D:9)
  7 hounds
  9 worker ants
  7 iguanas
  13 orc wizards
  6 sheep
  A hound skeleton (D:9)
  A mummy (D:5)
  A worker ant zombie (D:8)
  30 river rats
  13 adders
  15 gnolls
  2 shadow imps
  An ooze (D:3)
  An adder skeleton (D:8)
  An adder zombie (D:7)
  3 worms
  5 giant geckos
  47 orcs
  7 bats
  7 giant cockroaches
  19 hobgoblins
  7 jackals
  3 quokkas
  5 giant newts
  12 goblins
  22 kobolds
  8 rats
400 creatures vanquished.

Vanquished Creatures (others)
  3 fungi
  A plant (D:3)
4 creatures vanquished.

Grand Total: 404 creatures vanquished

Notes
Turn   | Place    | Note
--------------------------------------------------------------
     0 | D:1      | Ghalim the Human Fighter began the quest for the Orb.
     0 | D:1      | Reached XP level 1. HP: 18/18 MP: 1/1
   144 | D:1      | Reached XP level 2. HP: 20/24 MP: 2/2
   948 | D:2      | Reached XP level 3. HP: 29/29 MP: 3/3
  1055 | D:2      | Found a sparkling altar of Nemelex Xobeh.
  1481 | D:3      | Noticed Kramin's ghost (amateur DrTm)
  1575 | D:2      | Reached XP level 4. HP: 23/37 MP: 4/4
  2216 | D:3      | Reached skill level 4 in Fighting
  2216 | D:3      | Reached XP level 5. HP: 23/42 MP: 5/5
  2940 | D:3      | Reached XP level 6. HP: 49/49 MP: 6/6
  3485 | D:4      | Reached skill level 5 in Fighting
  3485 | D:4      | Reached skill level 5 in Maces & Flails
  3495 | D:4      | Got a heavily runed granite ring
  3846 | D:4      | Reached XP level 7. HP: 54/56 MP: 7/7
  4188 | D:4      | Identified the cursed ring of Tuiga {+Fly rF+ Str-3 Dex+3} (You found it on level 4 of the Dungeon)
  4207 | D:5      | Entered Level 5 of the Dungeon
  4361 | D:5      | Found a snail-covered altar of Cheibriados.
  4878 | D:5      | Reached skill level 6 in Fighting
  5138 | D:5      | Reached XP level 8. HP: 63/65 MP: 8/8
  5420 | D:6      | Reached skill level 7 in Fighting
  6400 | D:6      | Found a glowing golden altar of the Shining One.
  6400 | D:6      | Found a sacrificial altar of Ru.
  6767 | D:7      | Noticed a spriggan baker
  6771 | D:7      | Killed a spriggan baker
  6771 | D:7      | Reached skill level 8 in Fighting
  6771 | D:7      | Reached XP level 9. HP: 66/74 MP: 9/9
  6876 | D:7      | Noticed a red ugly thing
  8043 | D:8      | Found a deep blue altar of Sif Muna.
  8104 | D:8      | Noticed Maurice
  8110 | D:9      | Noticed a troll
  8248 | D:8      | Reached skill level 5 in Armour
  8429 | D:9      | Reached skill level 5 in Shields
  8429 | D:9      | Reached XP level 10. HP: 82/82 MP: 10/10
  8438 | D:9      | Paralysed by a wasp for 1 turns
  8450 | D:9      | Paralysed by a wasp for 1 turns
  8570 | D:9      | Killed a troll
  8754 | D:9      | Noticed Erolcha
  8917 | D:8      | Noticed Psyche
  8925 | D:8      | Killed Psyche
  9211 | D:9      | Found a staircase to the Orcish Mines.
  9355 | D:9      | Noticed Joseph
  9434 | D:9      | Killed Erolcha
  9481 | D:9      | Killed Joseph
 10016 | D:9      | Reached XP level 11. HP: 67/87 MP: 11/11
 10118 | D:9      | Noticed Grum
 10132 | D:9      | Killed Grum
 10833 | D:9      | Found a staircase to the Lair.
 11027 | D:9      | Found Dykuuzej's Assorted Antiques.
 11230 | D:10     | Entered Level 10 of the Dungeon
 11675 | D:10     | Reached skill level 9 in Armour
 13289 | D:10     | Noticed an orc knight
 13289 | D:10     | Noticed an orc warlord
 13366 | Lair:1   | Entered Level 1 of the Lair of Beasts
 14473 | Lair:1   | Reached skill level 10 in Fighting
 14485 | Lair:1   | Reached skill level 10 in Maces & Flails
 14888 | Lair:2   | Reached XP level 12. HP: 93/97 MP: 12/12
 15990 | Lair:2   | Reached skill level 11 in Fighting
 18150 | Lair:4   | Noticed Nergalle
 18188 | Lair:3   | Upgraded the game from 0.17-a0-2006-g94b6906 to 0.17-a0-2014-g32cd421
 18887 | Lair:4   | Reached skill level 12 in Fighting
 18887 | Lair:4   | Reached XP level 13. HP: 86/108 MP: 13/13
 19098 | Lair:4   | Noticed Sonja
 19980 | Lair:3   | Killed from afar by Nergalle

Vault maps used:
D:1:      dpeg_arrival_circle_labyrinth_c
D:2:      nemelex_xobeh_ov_fountains_minmay
D:3:      first_bread, serial_forest, infiniplex_forest_lined_ring,
          infiniplex_forest_lined_4_way, infiniplex_forest_clump_cross,
          infiniplex_forest_straight_2, infiniplex_forest_zigzag_2,
          infiniplex_forest_side_room, infiniplex_forest_lined_room_3,
          infiniplex_forest_clump_diagonal, infiniplex_forest_clump_tiny,
          infiniplex_forest_lined_4_way
D:4:      kennysheep_decorative_pillar
D:5:      corexii_shantytown, slow_altar_1
D:6:      gammafunk_temple_overflow_elements, fountainhead,
          minmay_curled_crystal
D:7:      nicolae_ashenzari_panopticon, kennysheep_mini,
          minmay_temple_entry_glassed_door, the_bakery, amalloy_card_club
D:8:      lemuel_doored_altar, uniq_psyche, uniq_maurice
D:9:      erik_lair_island, orc_0_dummy, serial_shops, shop, uniq_joseph,
          uniq_grum, uniq_erolcha
D:10:     lemuel_castle_with_subvaults, serial_shops,
          nicolae_shop_window_shopping
Lair:2:   beast_lair_carwin_10
Lair:3:   beast_lair_carwin_6
Lair:4:   uniq_sonja, uniq_nergalle

Action                   |  1- 3 |  4- 6 |  7- 9 | 10-12 | 13-15 || total
-------------------------+-------+-------+-------+-------+-------++-------
Melee: Flail             |   126 |   215 |   431 |  1110 |   127 ||  2009
  Use: Scroll            |     3 |       |    14 |    10 |       ||    27
       Potion            |       |       |     1 |     5 |       ||     6
 Stab: Distracted        |       |     1 |       |       |       ||     1
  Eat: Chunk             |     1 |     9 |    16 |    31 |     3 ||    60
       Beef jerky        |       |       |     1 |     3 |       ||     4
       Fruit             |       |       |       |     1 |       ||     1
